[ AOE2 MATCH · #495820338 ]
UnrankedBerbers vs Tatars
Player's team · WIN
Rival team · LOSS
[ REPLAY ANALYSIS · EXTRACTED FROM THE RECORDED GAME ]
Feudal
9:23
Castle
19:10
Imperial
35:07
| APM avg | 52.1 |
| APM peak | 89 |
| eAPM avg | 27.2 |
| Villagers / military | 180 / 156 |
Focus
⚔️ 40.2% · 🌾 59.8%
Camel Archer ×95 · Genitour ×44 · Trebuchet (Packed) ×7 · Archer ×5 · Monk ×2 · Scout Cavalry ×2
Feudal
13:36
Castle
18:31
Imperial
35:45
| APM avg | 42.6 |
| APM peak | 101 |
| eAPM avg | 26.7 |
| Villagers / military | 248 / 259 |
Focus
⚔️ 32.5% · 🌾 67.5%
Cavalry Archer ×113 · Scout Cavalry ×112 · Archer ×20 · Trebuchet (Packed) ×7 · Militia ×4 · Monk ×2
Match map
Initial resources + every placement click. Lines = walls · curves = elevation contours. ◆ gold · ⬟ stone · ● berries · ✦ relic · ◌ wall gap
Your base· ✓ Closed at 19:10 · 46t walls · 2 gate(s)
Maverick_Taha's base· ✓ Closed at 18:31 · 68t walls · no gate
Smoothed initial terrain · ◌ = detected wall gap · hover for details
Inputs per minute
— Kaydos - - Maverick_Taha
Build order — Kaydos
First 150 of 531 actions detected
| 0:01 | Create | Villager (Male) |
| 0:01 | Create | Villager (Male) |
| 0:02 | Build | House |
| 0:04 | Build | House |
| 0:32 | Create | Villager (Male) |
| 0:32 | Create | Villager (Male) |
| 0:32 | Create | Villager (Male) |
| 1:31 | Create | Villager (Male) |
| 1:31 | Create | Villager (Male) |
| 1:31 | Create | Villager (Male) |
| 2:03 | Create | Villager (Male) |
| 2:24 | Build | Lumber Camp |
| 2:27 | Create | Villager (Male) |
| 3:02 | Create | Villager (Male) |
| 3:03 | Create | Villager (Male) |
| 3:50 | Create | Villager (Male) |
| 3:56 | Build | House |
| 4:10 | Create | Villager (Male) |
| 4:36 | Create | Villager (Male) |
| 4:39 | Create | Villager (Male) |
| 5:18 | Build | House |
| 5:29 | Create | Villager (Male) |
| 5:43 | Build | Palisade Wall |
| 5:44 | Build | Palisade Wall |
| 5:49 | Build | Palisade Wall |
| 5:50 | Build | Palisade Wall |
| 5:51 | Build | Palisade Wall |
| 5:55 | Research | Loom |
| 6:17 | Create | Villager (Male) |
| 6:27 | Build | Mill |
| 6:48 | Create | Villager (Male) |
| 7:08 | Research | Feudal Age |
| 8:16 | Build | Palisade Gate |
| 9:07 | Build | Barracks |
| 9:11 | Build | House |
| 9:18 | Create | Villager (Male) |
| 9:23 | Age | Feudal Age |
| 9:26 | Research | Double-Bit Axe |
| 9:54 | Create | Villager (Male) |
| 10:27 | Create | Villager (Male) |
| 10:30 | Build | Stable |
| 10:39 | Build | Archery Range |
| 10:56 | Create | Villager (Male) |
| 11:04 | Build | Mining Camp |
| 11:21 | Create | Villager (Male) |
| 11:39 | Create | Villager (Male) |
| 11:54 | Build | Blacksmith |
| 11:55 | Create | Archer |
| 12:11 | Create | Villager (Male) |
| 12:16 | Create | Spearman |
| 12:30 | Create | Archer |
| 12:34 | Create | Villager (Male) |
| 12:41 | Build | House |
| 12:59 | Build | House |
| 13:02 | Build | House |
| 13:11 | Create | Archer |
| 13:22 | Create | Villager (Male) |
| 13:29 | Build | Farm |
| 13:36 | Build | Palisade Wall |
| 13:51 | Create | Villager (Male) |
| 13:54 | Build | Farm |
| 13:56 | Build | Farm |
| 13:59 | Build | Farm |
| 14:03 | Build | Market |
| 14:09 | Create | Villager (Male) |
| 14:35 | Build | Mill |
| 14:44 | Create | Villager (Male) |
| 15:05 | Create | Villager (Male) |
| 15:18 | Build | Stone Wall |
| 15:26 | Build | Stone Wall |
| 15:29 | Create | Villager (Male) |
| 15:56 | Create | Villager (Male) |
| 15:59 | Build | Gate |
| 16:00 | Build | Stone Wall |
| 16:30 | Research | Castle Age |
| 16:46 | Build | Mining Camp |
| 17:11 | Research | Fletching |
| 17:19 | Build | Stone Wall |
| 17:19 | Build | Stone Wall |
| 17:20 | Build | Stone Wall |
| 17:43 | Build | Stone Wall |
| 17:44 | Build | Stone Wall |
| 17:47 | Build | Stone Wall |
| 18:17 | Build | Stone Wall |
| 18:27 | Create | Villager (Male) |
| 19:10 | Age | Castle Age |
| 19:11 | Create | Genitour |
| 19:18 | Build | House |
| 19:24 | Create | Villager (Male) |
| 19:30 | Build | Town Center |
| 19:55 | Build | Town Center |
| 19:56 | Create | Villager (Male) |
| 20:01 | Create | Genitour |
| 20:14 | Build | Farm |
| 20:17 | Create | Villager (Male) |
| 20:21 | Research | Bodkin Arrow |
| 20:32 | Build | Farm |
| 20:38 | Create | Genitour |
| 20:41 | Create | Villager (Male) |
| 20:41 | Create | Villager (Male) |
| 21:12 | Create | Genitour |
| 21:17 | Create | Villager (Male) |
| 21:30 | Create | Villager (Male) |
| 21:31 | Create | Villager (Male) |
| 21:32 | Create | Villager (Male) |
| 21:46 | Build | Castle |
| 21:56 | Build | Farm |
| 21:56 | Build | Farm |
| 21:56 | Build | Farm |
| 21:56 | Build | Farm |
| 21:57 | Build | Farm |
| 21:57 | Build | Farm |
| 22:05 | Build | Farm |
| 22:12 | Create | Villager (Male) |
| 22:12 | Create | Villager (Male) |
| 22:14 | Create | Villager (Male) |
| 22:34 | Create | Villager (Male) |
| 22:34 | Create | Villager (Male) |
| 22:36 | Build | Farm |
| 22:40 | Build | Farm |
| 22:52 | Create | Villager (Male) |
| 22:52 | Create | Villager (Male) |
| 22:57 | Build | Lumber Camp |
| 23:05 | Create | Villager (Male) |
| 23:08 | Build | Farm |
| 23:10 | Build | Farm |
| 23:12 | Build | Farm |
| 23:16 | Create | Villager (Male) |
| 23:17 | Create | Villager (Male) |
| 23:17 | Create | Villager (Male) |
| 23:35 | Create | Villager (Male) |
| 23:35 | Create | Villager (Male) |
| 23:39 | Create | Camel Archer |
| 23:53 | Create | Villager (Male) |
| 23:53 | Create | Villager (Male) |
| 24:04 | Create | Genitour |
| 24:06 | Create | Villager (Male) |
| 24:06 | Create | Villager (Male) |
| 24:08 | Create | Villager (Male) |
| 24:10 | Create | Camel Archer |
| 24:13 | Build | Monastery |
| 24:17 | Build | Farm |
| 24:20 | Create | Villager (Male) |
| 24:20 | Create | Villager (Male) |
| 24:32 | Create | Camel Archer |
| 24:34 | Create | Villager (Male) |
| 24:34 | Create | Villager (Male) |
| 24:34 | Create | Villager (Male) |
| 24:39 | Create | Villager (Male) |
| 24:48 | Create | Genitour |
Build order — Maverick_Taha
First 150 of 637 actions detected
| 0:00 | Create | Villager (Male) |
| 0:01 | Create | Villager (Male) |
| 0:01 | Create | Villager (Male) |
| 0:02 | Build | House |
| 0:03 | Build | House |
| 0:05 | Create | Villager (Male) |
| 0:05 | Create | Villager (Male) |
| 1:30 | Create | Villager (Male) |
| 1:30 | Create | Villager (Male) |
| 1:50 | Build | Lumber Camp |
| 1:51 | Create | Villager (Male) |
| 1:51 | Create | Villager (Male) |
| 2:27 | Create | Villager (Male) |
| 2:27 | Create | Villager (Male) |
| 2:44 | Create | Villager (Male) |
| 2:44 | Create | Villager (Male) |
| 3:00 | Create | Villager (Male) |
| 3:01 | Create | Villager (Male) |
| 3:39 | Create | Villager (Male) |
| 3:40 | Create | Villager (Male) |
| 3:40 | Create | Villager (Male) |
| 3:54 | Build | House |
| 4:13 | Create | Villager (Male) |
| 4:13 | Create | Villager (Male) |
| 4:34 | Create | Villager (Male) |
| 4:34 | Create | Villager (Male) |
| 4:42 | Build | Barracks |
| 4:53 | Create | Villager (Male) |
| 4:53 | Create | Villager (Male) |
| 4:59 | Build | House |
| 5:26 | Create | Villager (Male) |
| 5:26 | Create | Villager (Male) |
| 5:49 | Create | Villager (Male) |
| 5:51 | Create | Militia |
| 5:51 | Create | Militia |
| 5:51 | Create | Militia |
| 5:55 | Research | Loom |
| 5:56 | Create | Militia |
| 6:01 | Build | Palisade Wall |
| 6:02 | Create | Villager (Male) |
| 6:03 | Create | Villager (Male) |
| 6:40 | Create | Villager (Male) |
| 6:46 | Build | Mill |
| 6:52 | Create | Villager (Male) |
| 6:52 | Create | Villager (Male) |
| 7:32 | Build | Palisade Wall |
| 8:06 | Create | Villager (Male) |
| 8:06 | Create | Villager (Male) |
| 8:11 | Build | House |
| 8:13 | Build | House |
| 8:46 | Create | Villager (Male) |
| 8:53 | Build | House |
| 8:54 | Build | Palisade Wall |
| 9:05 | Build | Palisade Wall |
| 9:10 | Build | Palisade Wall |
| 9:23 | Build | Palisade Wall |
| 9:25 | Build | Palisade Wall |
| 9:37 | Create | Villager (Male) |
| 9:37 | Create | Villager (Male) |
| 10:18 | Build | Mill |
| 10:34 | Build | Palisade Wall |
| 10:58 | Build | Palisade Wall |
| 11:01 | Create | Villager (Male) |
| 11:01 | Create | Villager (Male) |
| 11:02 | Build | Mining Camp |
| 11:15 | Research | Feudal Age |
| 12:34 | Build | Palisade Wall |
| 13:05 | Build | Lumber Camp |
| 13:11 | Build | House |
| 13:11 | Build | House |
| 13:21 | Build | Farm |
| 13:23 | Build | Farm |
| 13:33 | Build | Farm |
| 13:36 | Age | Feudal Age |
| 13:41 | Build | Archery Range |
| 13:47 | Build | Blacksmith |
| 13:48 | Create | Villager (Male) |
| 13:56 | Create | Villager (Male) |
| 14:22 | Build | House |
| 14:24 | Build | House |
| 14:27 | Build | Palisade Wall |
| 14:31 | Create | Archer |
| 14:37 | Build | Farm |
| 14:38 | Create | Villager (Male) |
| 14:46 | Build | Farm |
| 15:03 | Build | Watch Tower |
| 15:07 | Create | Villager (Male) |
| 15:09 | Build | Farm |
| 15:15 | Build | Farm |
| 15:23 | Create | Archer |
| 15:25 | Create | Archer |
| 15:43 | Build | Farm |
| 15:51 | Research | Castle Age |
| 15:51 | Research | Castle Age |
| 16:05 | Build | Archery Range |
| 16:24 | Create | Archer |
| 16:25 | Create | Archer |
| 16:25 | Create | Archer |
| 16:33 | Research | Double-Bit Axe |
| 16:33 | Research | Double-Bit Axe |
| 16:43 | Build | House |
| 17:02 | Research | Horse Collar |
| 17:02 | Research | Horse Collar |
| 17:06 | Create | Archer |
| 17:06 | Create | Archer |
| 17:06 | Create | Archer |
| 17:17 | Research | Fletching |
| 17:44 | Create | Archer |
| 17:44 | Create | Archer |
| 17:48 | Build | Farm |
| 18:00 | Build | House |
| 18:03 | Create | Archer |
| 18:03 | Create | Archer |
| 18:07 | Build | Palisade Wall |
| 18:19 | Build | Farm |
| 18:31 | Age | Castle Age |
| 18:33 | Research | Crossbowman (upgrade) |
| 18:34 | Research | Bodkin Arrow |
| 19:05 | Create | Villager (Male) |
| 19:12 | Research | Bodkin Arrow |
| 19:12 | Research | Bodkin Arrow |
| 19:12 | Create | Archer |
| 19:12 | Create | Archer |
| 19:37 | Build | Mining Camp |
| 19:50 | Create | Villager (Male) |
| 19:51 | Create | Villager (Male) |
| 19:51 | Create | Villager (Male) |
| 20:05 | Build | Farm |
| 20:06 | Build | Farm |
| 20:07 | Create | Villager (Male) |
| 20:08 | Create | Villager (Male) |
| 20:08 | Create | Villager (Male) |
| 20:25 | Research | Bow Saw |
| 20:25 | Research | Bow Saw |
| 20:34 | Create | Villager (Male) |
| 20:56 | Create | Villager (Male) |
| 20:57 | Create | Villager (Male) |
| 21:13 | Create | Villager (Male) |
| 21:13 | Create | Villager (Male) |
| 21:46 | Build | Town Center |
| 21:48 | Create | Villager (Male) |
| 21:48 | Create | Villager (Male) |
| 22:05 | Create | Villager (Male) |
| 22:05 | Create | Villager (Male) |
| 22:08 | Create | Villager (Male) |
| 22:34 | Build | Town Center |
| 22:38 | Create | Villager (Male) |
| 22:38 | Create | Villager (Male) |
| 22:47 | Build | Palisade Wall |
| 22:56 | Create | Villager (Male) |
Match timeline
| 4:42 | Maverick_Taha · first_building Barracks |
| 5:43 | Kaydos · wall_segment Palisade Wall x1 |
| 5:44 | Kaydos · wall_segment Palisade Wall x1 |
| 5:49 | Kaydos · wall_segment Palisade Wall x1 |
| 5:50 | Kaydos · wall_segment Palisade Wall x1 |
| 5:51 | Kaydos · wall_segment Palisade Wall x6 |
| 6:01 | Maverick_Taha · wall_segment Palisade Wall x8 |
| 7:32 | Maverick_Taha · wall_segment Palisade Wall x10 |
| 8:54 | Maverick_Taha · wall_segment Palisade Wall x10 |
| 9:05 | Maverick_Taha · wall_segment Palisade Wall x4 |
| 9:07 | Kaydos · first_building Barracks |
| 9:10 | Maverick_Taha · wall_segment Palisade Wall x7 |
| 9:23 | Kaydos · age_up feudal |
| 9:23 | Maverick_Taha · wall_segment Palisade Wall x3 |
| 9:25 | Maverick_Taha · wall_segment Palisade Wall x9 |
| 10:30 | Kaydos · first_building Stable |
| 10:34 | Maverick_Taha · wall_segment Palisade Wall x13 |
| 10:39 | Kaydos · first_building Archery Range |
| 10:58 | Maverick_Taha · wall_segment Palisade Wall x1 |
| 12:34 | Maverick_Taha · wall_segment Palisade Wall x1 |
| 13:36 | Maverick_Taha · age_up feudal |
| 13:36 | Kaydos · wall_segment Palisade Wall x4 |
| 13:41 | Maverick_Taha · first_building Archery Range |
| 14:27 | Maverick_Taha · wall_segment Palisade Wall x3 |
| 15:18 | Kaydos · wall_segment Stone Wall x7 |
| 15:26 | Kaydos · wall_segment Stone Wall x7 |
| 16:00 | Kaydos · wall_segment Stone Wall x1 |
| 16:22 | Kaydos · first_market_sell 100 wood |
| 16:23 | Kaydos · first_market_buy 100 food |
| 17:19 | Kaydos · wall_segment Stone Wall x1 |
| 17:19 | Kaydos · wall_segment Stone Wall x1 |
| 17:20 | Kaydos · wall_segment Stone Wall x1 |
| 17:43 | Kaydos · wall_segment Stone Wall x1 |
| 17:44 | Kaydos · wall_segment Stone Wall x1 |
| 17:47 | Kaydos · wall_segment Stone Wall x5 |
| 18:07 | Maverick_Taha · wall_segment Palisade Wall x1 |
| 18:17 | Kaydos · wall_segment Stone Wall x8 |
| 18:31 | Maverick_Taha · age_up castle |
| 19:10 | Kaydos · age_up castle |
| 21:46 | Kaydos · first_building Castle |
| 22:47 | Maverick_Taha · wall_segment Palisade Wall x1 |
| 24:13 | Kaydos · first_building Monastery |
| 27:46 | Maverick_Taha · first_building Monastery |
| 30:35 | Maverick_Taha · first_building Stable |
| 32:31 | Maverick_Taha · first_market_sell 100 food |
| 33:18 | Maverick_Taha · first_building Castle |
| 35:07 | Kaydos · age_up imperial |
| 35:45 | Maverick_Taha · age_up imperial |
| 35:53 | Maverick_Taha · first_market_buy 100 wood |
| 36:19 | Maverick_Taha · wall_segment Stone Wall x1 |
| 49:45 | Maverick_Taha · resign |
[ AI ANALYSIS · 1 CREDIT ]
What really happened in this match?
Wolo.gg analyzes every decision: build order, eco, micro, common mistakes by bracket. Personalized analysis on WhatsApp or Discord in 30 seconds.
Civ guide
Berbers
Perfil
Kaydos